 Dungeon Crawl Stone Soup version 0.21-a0-186-g02e8684 (webtiles) character file.

339 wolfsongas the Poker (level 6, -4/44 HPs)
             Began as a Demonspawn Gladiator on Aug 13, 2017.
             Slain by Grinder (6 damage)
             ... while paralysed by Grinder
             ... on level 4 of the Dungeon.
             The game lasted 00:05:19 (2543 turns).

wolfsongas the Poker (Demonspawn Gladiator)         Turns: 2543, Time: 00:05:19

Health: -4/44      AC: 10    Str: 19    XL:     6   Next: 29%
Magic:  6/6        EV:  2    Int: 11    God:
Gold:   155        SH:  0    Dex: 19    Spells: 5/5 levels left

rFire    + . .     SeeInvis .   n - +3 spear (vamp)
rCold    . . .     Gourm    .   (no shield)
rNeg     . . .     Faith    .   v - +1 leather armour {rF+}
rPois    .         Spirit   .   c - +0 helmet
rElec    .         Reflect  +   t - +0 cloak
rCorr    .         Harm     .   m - +1 pair of gloves
MR       .....                  (no boots)
Stlth    +++.......             o - +3 amulet of reflection
HPRegen  0.14/turn              u - +2 ring of protection
MPRegen  0.10/turn              (no ring)

@: paralysed, agile
A: clever 1, powered by death 2, strong 1, rot immunity
a: no special abilities


You were on level 4 of the Dungeon.
You were not hungry.

You visited 1 branch of the dungeon, and saw 4 of its levels.

You collected 155 gold pieces.

Inventory:

Hand Weapons
 n - a +3 vampiric spear (weapon)
Missiles
 d - 3 throwing nets (quivered)
Armour
 c - a +0 helmet (worn)
 m - a +1 pair of gloves (worn)
 t - a +0 cloak (worn)
 v - a +1 leather armour of fire resistance (worn)
Jewellery
 o - a +3 amulet of reflection (around neck)
 r - an uncursed ring of ice
 u - a +2 ring of protection (left hand)
Wands
 h - a wand of iceblast (5/15)
Scrolls
 a - a scroll of enchant armour {unknown}
 e - 5 scrolls of teleportation
 k - 3 scrolls of identify
Potions
 b - a potion of mutation
 g - a potion of magic {unknown}
 i - a potion of heal wounds {unknown}
 l - a potion of agility
 s - 4 potions of curing {unknown}
 w - a potion of degeneration {unknown}
Comestibles
 f - a bread ration
 j - 8 fruits
 q - 2 royal jellies


   Skills:
 - Level 2.0 Fighting
 * Level 5.9 Polearms
 - Level 1.7 Throwing
 + Level 2.0 Armour
 - Level 2.6 Dodging
 + Level 1.0 Stealth


You had 5 spell levels left.
You didn't know any spells.

Dungeon Overview and Level Annotations

Branches:
Dungeon (4/15)
 Temple: D:4-7

Altars:
Dithmenos
Fedhas
Kikubaaqudgha
Sif Muna
Trog
Xom

Annotations:
D:4 Grinder


Innate Abilities, Weirdness & Mutations

You regenerate health from kills.
You are immune to rotting.
Your mind is acute. (Int +2)
Your muscles are strong. (Str +2)


Message History

Grinder completely misses you.
You hit Grinder but do no damage.
Grinder is heavily wounded.
Grinder misses you.
You barely miss Grinder.
Grinder is heavily wounded.
You block Grinder's attack.
You hit Grinder.
Grinder is heavily wounded.
Grinder gestures at you.
You suddenly lose the ability to move!
Grinder hits you.
* * * LOW HITPOINT WARNING * * *
You writhe in agony.
* * * LOW HITPOINT WARNING * * *
Grinder hits you but does no damage. Grinder hits you.
* * * LOW HITPOINT WARNING * * *
Grinder hits you.
You die...

#### ....# ....# ..
....# ... ##### #..#
.... #..%.####..##....
#......#.........
#......'.........
#....5@##..##...
#.......##..#
+...>...#...#......# ..
#.......#...##.....# ...
##......#...##.....##...
#......##..##.........
#......###'##........
#########..##.....# ..
........##.....##...


You could see Grinder.

Vanquished Creatures
  Sigmund (D:3)
  An orc wizard (D:3)
  2 gnolls (D:2)
  6 adders
  A worm (D:3)
  3 dart slugs
  2 leopard geckos (D:3)
  3 orcs (D:3)
  3 giant cockroaches
  9 goblins
  7 hobgoblins
  3 jackals (D:1)
  7 quokkas
  14 bats
  2 frilled lizards
  5 kobolds
  9 rats
78 creatures vanquished.

Notes
Turn   | Place    | Note
-------+----------+-------------------------------------------
     0 | D:1      | wolfsongas the Demonspawn Gladiator began the quest for the Orb.
     0 | D:1      | Reached XP level 1. HP: 16/16 MP: 1/1
   146 | D:1      | Reached skill level 3 in Polearms
   154 | D:1      | Gained mutation: You are immune to rotting. [demonic ancestry]
   154 | D:1      | Reached XP level 2. HP: 17/22 MP: 2/2
   703 | D:2      | Reached XP level 3. HP: 18/27 MP: 3/3
   717 | D:2      | Reached skill level 4 in Polearms
   867 | D:2      | Found a deep blue altar of Sif Muna.
  1041 | D:2      | Found an ancient bone altar of Kikubaaqudgha.
  1045 | D:2      | Found a blossoming altar of Fedhas.
  1146 | D:2      | Gained mutation: You regenerate a little health from kills. [demonic ancestry]
  1146 | D:2      | Reached XP level 4. HP: 27/33 MP: 4/4
  1303 | D:2      | Found a bloodstained altar of Trog.
  1621 | D:3      | Reached skill level 5 in Polearms
  1621 | D:3      | Reached skill level 1 in Armour
  1621 | D:3      | Reached XP level 5. HP: 31/38 MP: 5/5
  1837 | D:3      | Found a shimmering altar of Xom.
  2097 | D:3      | Noticed Sigmund
  2108 | D:3      | Killed Sigmund
  2108 | D:3      | Reached skill level 1 in Stealth
  2108 | D:3      | Gained mutation: You regenerate health from kills. [demonic ancestry]
  2108 | D:3      | Reached XP level 6. HP: 39/44 MP: 6/6
  2318 | D:3      | Found a shadowy altar of Dithmenos.
  2517 | D:4      | Noticed Grinder
  2527 | D:4      | Paralysed by Grinder for 3 turns
  2531 | D:4      | Gained mutation: Your muscles are strong. (Str +2) [potion of mutation]
  2531 | D:4      | Gained mutation: Your mind is acute. (Int +2) [potion of mutation]
  2539 | D:4      | Paralysed by Grinder for 6 turns
  2540 | D:4      | HP: 2/44 [Grinder (3)]
  2543 | D:4      | Slain by Grinder

Vault maps used:
D:1:      minmay_arrival_stair_chambers
D:2:      wad_woods_tower, grunt_temple_overflow_growth_and_decay,
          lemuel_round_altar, lemuel_coloured_pillars_altar, minmay_pentomino_x2
D:3:      nicolae_dithmenos_through_a_glass_darkly, brannock_xom_greatest_gift,
          uniq_sigmund
D:4:      nicolae_overflow_crystal_walls, first_bread, uniq_natasha,
          uniq_grinder, uniq_ijyb

Skill      XL: |  1  2  3  4  5 |
---------------+----------------+-----
Polearms       | 3 4 5 |  5.9
Armour         | 1 2 |  2.0
Stealth        | 1 |  1.0
Fighting       | |  2.0
Throwing       | |  1.7
Dodging        | |  2.6

Action                   |  1- 3 |  4- 6 || total
-------------------------+-------+-------++-------
Melee: Trident           |   109 |       ||   109
       Spear             |    14 |   149 ||   163
  Use: Scroll            |     7 |     2 ||     9
       Potion            |     1 |     2 ||     3
 Stab: Sleeping          |     1 |     1 ||     2
  Eat: Chunk             |     4 |       ||     4
       Bread ration      |     2 |       ||     2
Armor: Leather armour    |    32 |    42 ||    74
Dodge: Dodged            |    67 |    97 ||   164
Block: Other             |     7 |    19 ||    26
